 Dungeon Crawl Stone Soup version 0.18-b1-18-g7758cf2 (webtiles) character file.

10 Chiseanne the Magician (level 2, 19/19 HPs)
             Began as a Demonspawn Wizard on May 2, 2016.
             Quit the game on level 1 of the Dungeon.
             The game lasted 00:01:23 (1057 turns).

Chiseanne the Magician (Demonspawn Wizard)          Turns: 1057, Time: 00:01:23

Health: 19/19      AC:  2    Str:  7    XL:     2   Next: 10%
Magic:  0/6        EV: 12    Int: 19    God:
Gold:   66         SH:  0    Dex: 11    Spells: 1 memorised, 6 levels left

rFire  . . .     SeeInvis .     i - +0 spear
rCold  . . .     Gourm    .     a - +0 robe
rNeg   . . .     Faith    .     (no shield)
rPois  .         Spirit   .     b - +0 hat
rElec  .         Dismiss  .     (no cloak)
rCorr  .         Reflect  .     (no gloves)
SustAt .         Harm     .     (no boots)
MR     .....                    (no amulet)
Stlth  ++........               (no ring)
                                (no ring)

@: not resistant to hostile enchantments, unstealthy
A: talons 1
a: no special abilities


You were on level 1 of the Dungeon.
You were not hungry.

You visited 1 branch of the dungeon, and saw 1 of its levels.

You collected 66 gold pieces.

Inventory:

Hand Weapons
 i - a +0 spear (weapon)
Missiles
 e - 15 poisoned needles
 g - 13 arrows
 l - 8 bolts
 m - 8 sling bullets
 n - 33 stones (quivered)
Armour
 a - a +0 robe (worn)
 b - a +0 hat (worn)
Jewellery
 h - a +4 ring of dexterity {unknown}
Scrolls
 o - a scroll of fog {unknown}
 p - a scroll of teleportation {unknown}
Potions
 k - a potion of curing {unknown}
Books
 c - a book of Minor Magic

   Spells                             Type                      Level
   a - Magic Dart                     Conjuration                  1
   b - Blink                          Translocation                2
   c - Call Imp                       Summoning                    2
   d - Repel Missiles                 Charms/Air                   2
   e - Slow                           Hexes                        2
   f - Conjure Flame                  Conjuration/Fire             3
   g - Mephitic Cloud                 Conjuration/Poison/Air       3
Comestibles
 d - 2 bread rations
 f - 2 meat rations
 j - a beef jerky
 q - 4 chunks of flesh


   Skills:
 - Level 1.7 Dodging
 - Level 1.7 Stealth
 * Level 3.2 Spellcasting
 * Level 1.7 Conjurations
   Level 1.0 Summonings
   Level 0.8 Translocations


You had 6 spell levels left.
You knew the following spells:

 Your Spells              Type           Power        Failure   Level  Hunger
a - Magic Dart            Conj           #...         10%         1    None


Dungeon Overview and Level Annotations

Branches:
Dungeon (1/15)

Altars:


Innate Abilities, Weirdness & Mutations

You have sharp toenails.


Message History

The magic dart hits the dart slug.
The dart slug is severely wounded.
Casting: Magic Dart
Confirm with . or Enter, or press ? or * to list all spells.
Aiming: Magic Dart
Press: ? - help, Shift-Dir - straight line, f/p - dart slug
Aim: a dart slug (severely wounded, clinging)
The magic dart hits the dart slug.
The dart slug is severely wounded.
Casting: Magic Dart
Confirm with . or Enter, or press ? or * to list all spells.
Aiming: Magic Dart
Press: ? - help, Shift-Dir - straight line, f/p - dart slug
Aim: a dart slug (severely wounded, clinging)
The magic dart hits the dart slug.
You kill the dart slug!
You have reached level 2!
Your demonic ancestry asserts itself...
Your toenails lengthen and sharpen.
Are you sure you want to abandon this character and quit the game? (Confirm with "yes".)

♣PP..#.##.#
#.#...P.....##
P♣♣P##.##.#
###.#..♣..P..##
P♣P.#...#.#
###....P.P♣♣P..#
♣♣P..###..#
#....♣P..♣♣♣...# P♣..##
##.###..PP♣♣P..P....#
P..##
##.##..♣♣♣♣....P#÷.######
.#.#
#.....P....#####........
##.##
##......♣PP........####.#
##.##
##.###.##@.#####..### #.#
##.###.## #>##.†.# #[.#
#.# ##...##
#.####>####..# #.# #####
#.##.........######.#
#.##.#.##..P........#
#.##.#.##.♣PPP####...
#.##.#>##....## ##.#
#...........#######.♣
####.#.............♣♣


There were no monsters in sight!

Vanquished Creatures
  A dart slug (D:1)
  2 bats (D:1)
  A giant cockroach (D:1)
  A hobgoblin (D:1)
  3 rats (D:1)
8 creatures vanquished.

Notes
Turn   | Place    | Note
--------------------------------------------------------------
     0 | D:1      | Chiseanne the Demonspawn Wizard began the quest for the Orb.
     0 | D:1      | Reached XP level 1. HP: 13/13 MP: 4/4
  1056 | D:1      | Gained mutation: You have sharp toenails. [demonic ancestry]
  1056 | D:1      | Reached XP level 2. HP: 19/19 MP: 0/6
  1057 | D:1      | Quit the game

Action                   || total
-------------------------++-------
Melee: Spear             ||     2
 Cast: Magic Dart        ||    19
Armor: Robe              ||     3
Dodge: Dodged            ||     4
